[Event "Titled Tuesday Blitz December 13 Early 2022"]
[White "Shapiro, Daniel"]
[Black "Goltsev, Dmitry"]
[WhiteFideId "2001780"]
[BlackFideId "24176710"]
[WhiteElo "2353"]
[BlackElo "2327"]
[Result "0-1"]
[Round "02"]
[TimeControl "180+1"]
[Date "2022.12.14"]
[WhiteClock "0:00:14"]
[BlackClock "0:01:58"]

1. d4 Nf6 2. c4 e6 3. g3 d5 4. Nf3 dxc4 5. Bg2 c5 6. Qa4+ Nc6 7. O-O Bd7 8. dxc5 Bxc5 9. Qxc4 Bb6 10. Nc3 O-O 11. Rd1 Rc8 12. Bg5 Ne5 13. Qf4 Ng6 14. Qd2 Bc6 15. Nd4 Bxg2 16. Kxg2 h6 17. Be3 Qe7 18. Ndb5 Rfd8 19. Qc2 Bxe3 20. fxe3 Ng4 21. Qe4 f5 22. Qf3 N6e5 23. Qf4 g5 24. Qa4 Nxe3+ 25. Kg1 Nxd1 26. Rxd1 Rxd1+ 27. Nxd1 Qc5+ 28. e3 Qc2 0-1


[Site "https://www.chess.com"]

[Event "Titled Tuesday Blitz December 13 Early 2022"]
[White "Shipov, Sergei"]
[Black "Manukian, Artak"]
[WhiteFideId "4113624"]
[BlackFideId "13301373"]
[WhiteElo "2795"]
[BlackElo "2130"]
[Result "0-1"]
[Round "02"]
[TimeControl "180+1"]
[Date "2022.12.14"]
[WhiteClock "0:00:01"]
[BlackClock "0:00:13"]

1. d4 d5 2. c4 dxc4 3. Nf3 Nf6 4. e3 e6 5. Bxc4 c5 6. Qe2 a6 7. dxc5 Bxc5 8. O-O b5 9. Bd3 O-O 10. e4 Be7 11. e5 Nd5 12. Qe4 g6 13. Bh6 Re8 14. Nbd2 Nd7 15. Nb3 Bb7 16. Rad1 Bf8 17. Bxf8 Rxf8 18. h4 Qe7 19. Rfe1 Rfd8 20. h5 Rac8 21. a3 b4 22. a4 N7b6 23. Qg4 Nxa4 24. hxg6 hxg6 25. Bxg6 fxg6 26. Qxg6+ Qg7 27. Qxe6+ Qf7 28. Qg4+ Qg7 29. Ng5 Re8 30. Nd4 Nxb2 31. Nf5 Qg6 32. Rd4 Rc4 33. Rxc4 Nxc4 34. Nh4 Qg7 35. e6 Ne5 36. Rxe5 Nf6 37. Qf5 b3 38. e7 b2 0-1


[Site "https://www.chess.com"]

[Event "Titled Tuesday Blitz December 13 Early 2022"]
[White "Shuvalov, Evgenij"]
[Black "Ghosh, Chanchal Kumer"]
[WhiteFideId "4187237"]
[BlackFideId "10201858"]
[WhiteElo "2049"]
[BlackElo "2058"]
[Result "1-0"]
[Round "02"]
[TimeControl "180+1"]
[Date "2022.12.14"]
[WhiteClock "0:00:25"]
[BlackClock "0:00:04"]

1. d4 d5 2. c4 e6 3. Nc3 Nf6 4. Nf3 b6 5. Bg5 Be7 6. e3 Bb7 7. cxd5 exd5 8. Bd3 O-O 9. O-O c5 10. Qe2 Ne4 11. Bxe7 Qxe7 12. Rfd1 Nd7 13. Rac1 a6 14. h3 Rfe8 15. Bb1 Rad8 16. dxc5 Ndxc5 17. Nd4 Qf6 18. Qf3 Rd6 19. Nce2 Qe5 20. Qf4 h6 21. Qxe5 Rxe5 22. Nf3 Re8 23. b4 Na4 24. Rc7 Bc6 25. Rc1 Bb5 26. Ned4 Bc4 27. Nf5 Rf6 28. N3d4 Kh7 29. f3 Nd2 30. Bc2 g6 31. Bxa4 gxf5 32. Bxe8 b5 33. Kf2 Kg6 34. Ke1 Nf1 35. R7xc4 dxc4 36. Kxf1 Rd6 37. Kf2 Kf6 38. f4 Ke7 39. Bc6 Kf6 40. Bf3 Rd8 41. Bd1 Rd7 42. Bc2 Rd5 43. Bxf5 1-0


[Site "https://www.chess.com"]

[Event "Titled Tuesday Blitz December 13 Early 2022"]
[White "Sjugirov, Sanan"]
[Black "Milosevic, Milos"]
[WhiteFideId "4189302"]
[BlackFideId "964875"]
[WhiteElo "2613"]
[BlackElo "2314"]
[Result "1-0"]
[Round "02"]
[TimeControl "180+1"]
[Date "2022.12.13"]
[WhiteClock "0:01:09"]
[BlackClock "0:01:28"]

1. e4 e5 2. Nf3 Nc6 3. Bb5 Nf6 4. d3 Bc5 5. Bxc6 dxc6 6. Nbd2 Nd7 7. Nc4 f6 8. c3 O-O 9. b4 Bd6 10. O-O f5 11. exf5 Rxf5 12. Nfd2 Qh4 13. Ne4 Rh5 14. h3 Nf6 15. Nxf6+ gxf6 16. Qf3 Be6 17. Re1 Kf7 18. Re4 Qxe4 19. dxe4 Rh4 20. Nxd6+ cxd6 21. Bg5 1-0


[Site "https://www.chess.com"]

[Event "Titled Tuesday Blitz December 13 Early 2022"]
[White "Skliarov, Viktor"]
[Black "Svane, Rasmus"]
[WhiteFideId "14106736"]
[BlackFideId "4657101"]
[WhiteElo "2284"]
[BlackElo "2674"]
[Result "0-1"]
[Round "02"]
[TimeControl "180+1"]
[Date "2022.12.13"]
[WhiteClock "0:00:03"]
[BlackClock "0:00:53"]

1. e4 c6 2. d4 d5 3. e5 Bf5 4. Nf3 e6 5. Be2 Ne7 6. O-O Ng6 7. Ne1 Ne7 8. Nf3 Nd7 9. a4 a6 10. a5 c5 11. c4 Rc8 12. Nc3 cxd4 13. Nxd4 dxc4 14. Nxf5 Nxf5 15. Bf4 Be7 16. Qa4 O-O 17. Rfd1 Rc7 18. Bxc4 Qc8 19. Bf1 Nc5 20. Qc2 Rd8 21. Rxd8+ Qxd8 22. Rd1 Nd4 23. Qd2 Rd7 24. Qe3 Nc6 25. Rxd7 Qxd7 26. h3 h6 27. g4 Qd8 28. Bg2 Nd3 29. Bxc6 Bc5 30. Qf3 Bxf2+ 31. Kh2 bxc6 32. Be3 Bxe3 33. Qxe3 Nxb2 34. Ne4 Nc4 35. Qc5 Qd5 36. Qxd5 cxd5 37. Nc5 Nxa5 38. Nxa6 Nc6 39. Nc5 Nxe5 0-1


[Site "https://www.chess.com"]

[Event "Titled Tuesday Blitz December 13 Early 2022"]
[White "So, Wesley"]
[Black "Postnikov, Daniil"]
[WhiteFideId "5202213"]
[BlackFideId "4166329"]
[WhiteElo "2763"]
[BlackElo "2261"]
[Result "1-0"]
[Round "02"]
[TimeControl "180+1"]
[Date "2022.12.13"]
[WhiteClock "0:01:01"]
[BlackClock "0:00:23"]

1. d4 f5 2. g3 Nf6 3. Bg2 g6 4. Nf3 Bg7 5. O-O O-O 6. b3 d6 7. Bb2 Qe8 8. Nbd2 Nc6 9. Re1 Ne4 10. e3 e5 11. Nxe4 fxe4 12. Ng5 d5 13. c4 exd4 14. exd4 Qd8 15. cxd5 Qxg5 16. dxc6 Bg4 17. Qc1 Qf5 18. Qc2 Bf3 19. cxb7 Rae8 20. Bxf3 Qxf3 21. Re3 Qf5 22. Rae1 h5 23. Rxe4 Rxe4 24. Rxe4 g5 25. b8=Q 1-0


[Site "https://www.chess.com"]

[Event "Titled Tuesday Blitz December 13 Early 2022"]
[White "Solovchuk, Oleksiy"]
[Black "Pranesh M"]
[WhiteFideId "14115220"]
[BlackFideId "35028600"]
[WhiteElo "2291"]
[BlackElo "2403"]
[Result "0-1"]
[Round "02"]
[TimeControl "180+1"]
[Date "2022.12.13"]
[WhiteClock "0:00:09"]
[BlackClock "0:00:16"]

1. c4 Nf6 2. Nc3 c5 3. g3 g6 4. Bg2 Bg7 5. Nf3 O-O 6. d4 cxd4 7. Nxd4 Nc6 8. Nc2 d6 9. O-O Be6 10. Ne3 Rc8 11. Qd2 Qd7 12. b3 Bh3 13. Bb2 Bxg2 14. Kxg2 Rfd8 15. Rad1 h5 16. Ncd5 Nxd5 17. Nxd5 Bxb2 18. Qxb2 Qe6 19. Qd2 Kg7 20. h3 Qe5 21. Qe3 Qxe3 22. Nxe3 e6 23. Rd2 Kf6 24. Rfd1 Ke7 25. g4 hxg4 26. hxg4 a6 27. g5 b5 28. f4 b4 29. Ng4 a5 30. e4 a4 31. e5 d5 32. cxd5 exd5 33. Rxd5 Rxd5 34. Rxd5 axb3 35. axb3 Ra8 36. Rd6 Ra2+ 37. Kf3 Na5 38. Nf6 Nxb3 39. Nd5+ Ke8 40. Nxb4 Ra3 41. Ke4 Nc5+ 42. Kd5 Ne6 43. Rb6 Nxf4+ 44. Kd6 Kf8 45. Rb8+ Kg7 46. Rb7 Rb3 47. Rb8 Ne6 48. Nc6 Rd3+ 49. Ke7 Nxg5 50. Nd8 Rd5 51. e6 fxe6 52. Nxe6+ Nxe6 53. Kxe6 Ra5 54. Rb1 g5 55. Rg1 Kg6 56. Kd6 Kf6 57. Rf1+ Rf5 58. Rg1 Ra5 59. Rf1+ Kg6 60. Rg1 Kf5 61. Rf1+ Kg4 62. Rg1+ Kf3 63. Rf1+ Kg2 0-1


[Site "https://www.chess.com"]

[Event "Titled Tuesday Blitz December 13 Early 2022"]
[White "Sprenar, Petr"]
[Black "Petrova, Irina"]
[WhiteFideId "397164"]
[BlackFideId "14124122"]
[WhiteElo "2182"]
[BlackElo "2023"]
[Result "1-0"]
[Round "02"]
[TimeControl "180+1"]
[Date "2022.12.14"]
[WhiteClock "0:01:19"]
[BlackClock "0:00:22"]

1. d4 d6 2. g3 g6 3. Bg2 Bg7 4. Nf3 Nf6 5. O-O O-O 6. b3 Nc6 7. Bb2 e5 8. dxe5 Ng4 9. c4 Ngxe5 10. Qd2 Nxf3+ 11. exf3 Be6 12. Nc3 Qf6 13. Rab1 Qd4 14. Qe2 Qc5 15. Ne4 Qf5 16. Bxg7 Kxg7 17. Rbd1 Rae8 18. Rfe1 f6 19. h4 Bf7 20. Qd2 Ne5 21. f4 Nc6 22. Kh2 Qa5 23. Qb2 Be6 24. Re3 Re7 25. Rde1 Ref7 26. Ng5 Bd7 27. Nxf7 Rxf7 28. Bd5 Rf8 29. a3 Qc5 30. b4 Qb6 31. Qc3 a6 32. Re7+ Nxe7 33. Rxe7+ Kh8 34. Rxd7 Qxf2+ 35. Bg2 Qb6 36. Qe1 1-0


[Site "https://www.chess.com"]

[Event "Titled Tuesday Blitz December 13 Early 2022"]
[White "Stanisz, Patryk"]
[Black "Lewicki, Miroslaw"]
[WhiteFideId "1123106"]
[BlackFideId "1113380"]
[WhiteElo "2069"]
[BlackElo "2191"]
[Result "0-1"]
[Round "02"]
[TimeControl "180+1"]
[Date "2022.12.14"]
[WhiteClock "0:00:06"]
[BlackClock "0:01:47"]

1. d4 Nf6 2. c4 e6 3. Nc3 d5 4. Nf3 Be7 5. Bf4 O-O 6. e3 b6 7. Rc1 Bb7 8. h3 dxc4 9. Bxc4 c5 10. O-O Nc6 11. d5 Na5 12. d6 Nxc4 13. dxe7 Qxe7 14. b3 Rad8 15. Qe2 e5 16. Qxc4 exf4 17. Qxf4 h6 18. Rfd1 Rxd1+ 19. Rxd1 Rd8 20. Rxd8+ Qxd8 21. Nb5 Qd7 22. Qb8+ Kh7 23. Qxa7 Qd1+ 24. Kh2 Bxf3 25. gxf3 Qxf3 26. Kg1 Ne4 0-1


[Site "https://www.chess.com"]

[Event "Titled Tuesday Blitz December 13 Early 2022"]
[White "Steinberg, Nitzan"]
[Black "Maksimenko, Viktor"]
[WhiteFideId "2801795"]
[BlackFideId "13710478"]
[WhiteElo "2491"]
[BlackElo "2277"]
[Result "1-0"]
[Round "02"]
[TimeControl "180+1"]
[Date "2022.12.13"]
[WhiteClock "0:00:42"]
[BlackClock "0:00:44"]

1. d4 Nf6 2. Nf3 e6 3. c4 b6 4. g3 Bb7 5. Bg2 Bb4+ 6. Bd2 Be7 7. O-O c6 8. Nc3 d5 9. b3 O-O 10. Qc2 c5 11. cxd5 Nxd5 12. Rfd1 Nc6 13. Nxd5 Qxd5 14. dxc5 Nd4 15. Qd3 Nxf3+ 16. Qxf3 Qxf3 17. Bxf3 Bxf3 18. exf3 Bxc5 19. Rac1 Rfd8 20. Kf1 Rd5 21. b4 Bf8 22. Ke2 Rad8 23. Bc3 f6 24. a4 Kf7 25. b5 Bc5 26. Rxd5 Rxd5 27. f4 h5 28. h3 Kg6 29. Bb2 Kf5 30. Rc2 Ke4 31. Rc4+ Kf5 32. Bc1 e5 33. fxe5 Rxe5+ 34. Kf3 g5 35. g4+ hxg4+ 36. hxg4+ Ke6 37. Bd2 Kd5 38. Rc3 Re4 39. Rd3+ Rd4 40. Rxd4+ Bxd4 41. Bb4 Kc4 42. Be7 Kb3 43. Ke4 Bxf2 44. Bxf6 Bh4 45. Kd5 Kxa4 46. Kc6 Kb4 47. Be5 Bf2 48. Bb8 Ka5 49. Bxa7 Be3 50. Bb8 Bc1 51. Bc7 Be3 52. Bd8 Bd4 1-0


[Site "https://www.chess.com"]

[Event "Titled Tuesday Blitz December 13 Early 2022"]
[White "Szyszylo, Rafal"]
[Black "Stijve, Theo"]
[WhiteFideId "1109626"]
[BlackFideId "1331132"]
[WhiteElo "1981"]
[BlackElo "2256"]
[Result "1-0"]
[Round "02"]
[TimeControl "180+1"]
[Date "2022.12.14"]
[WhiteClock "0:00:53"]
[BlackClock "0:00:18"]

1. e4 c6 2. d4 d5 3. e5 Bf5 4. Nf3 e6 5. Be2 h6 6. Nbd2 Ne7 7. Nf1 Nd7 8. h3 g5 9. Ng3 Bg6 10. Bd3 c5 11. c3 Rc8 12. O-O Qb6 13. a3 cxd4 14. cxd4 Nc6 15. Bxg6 fxg6 16. Qd3 Rg8 17. h4 g4 18. Nh2 h5 19. Be3 Be7 20. b4 Bxh4 21. Ne2 a5 22. b5 Ne7 23. g3 Bf6 24. exf6 Nxf6 25. Bg5 Ne4 26. Bxe7 Kxe7 27. f3 gxf3 28. Nxf3 Rcf8 29. Ne5 g5 30. Rxf8 Kxf8 31. Nd7+ 1-0


[Site "https://www.chess.com"]

[Event "Titled Tuesday Blitz December 13 Early 2022"]
[White "Talibov, Shiroghlan"]
[Black "Mika, Tomasz"]
[WhiteFideId "13429078"]
[BlackFideId "1132970"]
[WhiteElo "2261"]
[BlackElo "2179"]
[Result "1-0"]
[Round "02"]
[TimeControl "180+1"]
[Date "2022.12.14"]
[WhiteClock "0:00:56"]
[BlackClock "0:00:23"]

1. d4 d5 2. Nf3 Nf6 3. Bf4 c5 4. e3 Nc6 5. Nbd2 Qb6 6. dxc5 Qxb2 7. Rb1 Qc3 8. Bb5 Qxc5 9. c4 Bd7 10. cxd5 Nxd5 11. Ne4 Qa3 12. Qxd5 e6 13. Nd6+ Bxd6 14. Qxd6 Qxa2 15. O-O Rd8 16. Rfd1 f6 17. Ra1 Qb3 18. Rdb1 Qc2 19. Bxc6 Qxc6 20. Qxc6 Bxc6 21. Nd4 Bd5 22. Bc7 Rc8 23. Rxa7 Kd7 24. Ba5 Rc4 25. h4 e5 26. Nf5 Rxh4 27. Nxh4 1-0


[Site "https://www.chess.com"]

[Event "Titled Tuesday Blitz December 13 Early 2022"]
[White "Tatarinov, Dmitry"]
[Black "Sonnenschein, Philipp"]
[WhiteFideId "24160067"]
[BlackFideId "16250877"]
[WhiteElo "2326"]
[BlackElo "2224"]
[Result "1-0"]
[Round "02"]
[TimeControl "180+1"]
[Date "2022.12.14"]
[WhiteClock "0:02:47"]
[BlackClock "0:02:34"]

1. e4 c5 2. Nf3 Nc6 3. Bb5 g6 4. Bxc6 dxc6 5. h3 Bg7 6. d3 Qc7 7. O-O e5 8. a4 a5 9. Nc3 Nf6 10. Nh2 O-O 11. f4 Nh5 12. f5 gxf5 13. Qxh5 1-0


[Site "https://www.chess.com"]

[Event "Titled Tuesday Blitz December 13 Early 2022"]
[White "Todorovic, Bojan"]
[Black "Kazakouski, Valery"]
[WhiteFideId "917087"]
[BlackFideId "13507443"]
[WhiteElo "2266"]
[BlackElo "2516"]
[Result "0-1"]
[Round "02"]
[TimeControl "180+1"]
[Date "2022.12.14"]
[WhiteClock "0:00:12"]
[BlackClock "0:01:40"]

1. d4 Nf6 2. c4 e6 3. Nc3 Bb4 4. Qc2 Nc6 5. Nf3 d6 6. Bg5 h6 7. Bh4 O-O 8. e3 e5 9. Be2 exd4 10. Nxd4 Nxd4 11. exd4 Qe7 12. O-O Bxc3 13. bxc3 Qe4 14. Qxe4 Nxe4 15. Bd3 Nxc3 16. a4 Bd7 17. a5 Rfe8 18. Rfe1 b5 19. c5 dxc5 20. dxc5 a6 21. Bg3 c6 22. Kf1 Re6 23. Rxe6 Bxe6 24. Be5 Rd8 25. Bd6 Na4 26. Ke2 Bd5 27. f3 Nb2 28. Bc2 Nc4 0-1


[Site "https://www.chess.com"]

[Event "Titled Tuesday Blitz December 13 Early 2022"]
[White "Tomaszewski, Kacper"]
[Black "Abdrlauf, Elham"]
[WhiteFideId "1127373"]
[BlackFideId "1533533"]
[WhiteElo "2211"]
[BlackElo "2454"]
[Result "0-1"]
[Round "02"]
[TimeControl "180+1"]
[Date "2022.12.14"]
[WhiteClock "0:00:05"]
[BlackClock "0:00:04"]

1. Nf3 d5 2. d4 Nf6 3. c4 e6 4. Nc3 c6 5. Bg5 Nbd7 6. cxd5 exd5 7. e3 Be7 8. Bd3 h6 9. Bh4 O-O 10. Qc2 Re8 11. O-O Ne4 12. Bxe7 Qxe7 13. Rab1 Ndf6 14. b4 Bf5 15. b5 Rac8 16. Qb2 Nxc3 17. Bxf5 Nxb1 18. Bxc8 Na3 19. Bf5 Nxb5 20. Rb1 Nd6 21. Bd3 g6 22. a4 b6 23. a5 b5 24. Ne5 Rc8 25. Qa3 Qc7 26. a6 Nc4 27. Bxc4 dxc4 28. Qc5 Ne4 29. Qb4 Qd6 30. Qa5 Kg7 31. f3 Nf6 32. Qa1 c5 33. dxc5 Rxc5 34. Ng4 c3 35. Rd1 Qe6 36. Nxf6 Qxf6 37. Rc1 b4 38. Qb1 Rc4 39. Qb3 Qe6 40. Kf2 Qd5 41. Rc2 Rd4 42. exd4 Qxb3 43. Rxc3 bxc3 0-1


[Site "https://www.chess.com"]

[Event "Titled Tuesday Blitz December 13 Early 2022"]
[White "Topalov, Aleksandar"]
[Black "Namitbir Singh Walia"]
[WhiteFideId "925659"]
[BlackFideId "35071068"]
[WhiteElo "2151"]
[BlackElo "2239"]
[Result "1-0"]
[Round "02"]
[TimeControl "180+1"]
[Date "2022.12.14"]
[WhiteClock "0:02:41"]
[BlackClock "0:02:37"]

1. b3 d5 2. Bb2 c5 3. e3 Nc6 4. Bb5 Nf6 5. Nf3 e6 6. Bxc6+ bxc6 7. Ne5 Qc7 8. f4 Ba6 9. d3 Be7 10. Nd2 O-O 11. O-O Rab8 12. Rb1 Nd7 13. Qh5 Bf6 14. Nxd7 Qxd7 15. Bxf6 gxf6 16. Qh6 Qe7 17. Rf3 1-0


[Site "https://www.chess.com"]

[Event "Titled Tuesday Blitz December 13 Early 2022"]
[White "Torres Dominguez, David"]
[Black "Mazurkiewicz, Michal"]
[WhiteFideId "2220857"]
[BlackFideId "1124943"]
[WhiteElo "2037"]
[BlackElo "2081"]
[Result "0-1"]
[Round "02"]
[TimeControl "180+1"]
[Date "2022.12.14"]
[WhiteClock "0:00:10"]
[BlackClock "0:01:28"]

1. e4 d6 2. Nc3 Nf6 3. f4 c5 4. Nf3 g6 5. Bb5+ Nfd7 6. O-O Bg7 7. a4 O-O 8. Qe1 a6 9. Bc4 Nc6 10. d3 Nd4 11. Nxd4 cxd4 12. Ne2 e6 13. f5 d5 14. Bb3 dxe4 15. dxe4 Nc5 16. fxg6 hxg6 17. Bc4 Nxe4 18. Nf4 Nd6 19. Bb3 e5 20. Nxg6 Re8 21. Qh4 Qxh4 22. Nxh4 Be6 23. Bxe6 Rxe6 24. Bd2 e4 25. Rae1 Nc4 26. Bc1 d3 27. cxd3 exd3 28. Rxe6 fxe6 29. b3 Bd4+ 30. Kh1 Ne3 31. Bxe3 Bxe3 32. Rd1 Rc8 33. Nf3 Rc1 34. Rxc1 Bxc1 35. g4 d2 36. Nxd2 Bxd2 37. Kg2 Kg7 38. Kf3 Kf6 39. Ke4 Be1 40. h3 Bg3 41. Kd4 Kg5 42. Ke4 Kh4 43. b4 Be1 44. b5 Bc3 45. bxa6 bxa6 46. Kd3 Ba1 47. Kc4 e5 48. a5 Kxh3 49. g5 Kg4 50. g6 e4 51. Kb3 e3 52. Kc2 Kf3 53. Kb1 e2 54. Kxa1 e1=Q+ 55. Kb2 Qxa5 0-1


[Site "https://www.chess.com"]

[Event "Titled Tuesday Blitz December 13 Early 2022"]
[White "Valle Maytin, Luis Enrique"]
[Black "Morefield, Jason"]
[WhiteFideId "3503666"]
[BlackFideId "30920825"]
[WhiteElo "2225"]
[BlackElo "2171"]
[Result "0-1"]
[Round "02"]
[TimeControl "180+1"]
[Date "2022.12.14"]
[WhiteClock "0:00:13"]
[BlackClock "0:00:18"]

1. e4 c5 2. Nf3 d6 3. d4 cxd4 4. Nxd4 Nf6 5. Nc3 Nc6 6. Bg5 e6 7. f4 a6 8. Qd2 Bd7 9. O-O-O Be7 10. Be2 Qb6 11. Nb3 Qc7 12. Bxf6 gxf6 13. f5 O-O-O 14. g4 Ne5 15. Kb1 Kb8 16. Nd4 Bc8 17. h3 Bf8 18. Qf4 Bg7 19. Rhe1 Ka8 20. Bf1 h5 21. Re3 Bh6 22. Qg3 Bxe3 23. Qxe3 hxg4 24. hxg4 Nxg4 25. Qf4 Ne5 26. Nf3 Qe7 27. Nd4 Rdg8 28. Be2 Rh3 29. Na4 Nd7 30. Qf1 Rhg3 31. Qe1 Rg1 32. Qb4 Rxd1+ 33. Bxd1 Rg1 34. Nc3 Nc5 35. a4 Nxe4 36. Nxe4 Rxd1+ 37. Ka2 e5 38. Nb3 Bxf5 39. Nc3 Bxc2 40. Nxd1 Bxd1 41. Na5 Bf3 42. Qc3 Bg4 43. Qc8+ Bxc8 44. Nc4 Be6 45. b3 Bxc4 46. bxc4 e4 0-1


[Site "https://www.chess.com"]

[Event "Titled Tuesday Blitz December 13 Early 2022"]
[White "Vega Gutierrez, Sabrina"]
[Black "Roque Sola, Jose Luis"]
[WhiteFideId "2219026"]
[BlackFideId "5120390"]
[WhiteElo "2261"]
[BlackElo "2117"]
[Result "1-0"]
[Round "02"]
[TimeControl "180+1"]
[Date "2022.12.14"]
[WhiteClock "0:02:03"]
[BlackClock "0:01:56"]

1. e4 e6 2. Qe2 d5 3. exd5 Qxd5 4. Nc3 Qd8 5. d4 Nf6 6. Nf3 c5 7. Be3 cxd4 8. Nxd4 a6 9. O-O-O Qa5 10. Nb3 Qc7 11. Bg5 Be7 12. Bxf6 Bxf6 13. Nd5 Qe5 14. Qxe5 Bxe5 15. Nb6 1-0


[Site "https://www.chess.com"]

[Event "Titled Tuesday Blitz December 13 Early 2022"]
[White "Vianello, Enrico"]
[Black "Degenbaev, Aziz"]
[WhiteFideId "810738"]
[BlackFideId "13802640"]
[WhiteElo "2104"]
[BlackElo "2039"]
[Result "0-1"]
[Round "02"]
[TimeControl "180+1"]
[Date "2022.12.14"]
[WhiteClock "0:00:11"]
[BlackClock "0:00:19"]

1. Nf3 Nf6 2. b3 g6 3. Bb2 Bg7 4. e3 O-O 5. Be2 d5 6. O-O c5 7. d4 cxd4 8. Bxd4 Nc6 9. Bb2 b6 10. Nbd2 Bb7 11. c4 Rc8 12. Rc1 dxc4 13. Nxc4 Nb4 14. a3 Nbd5 15. Ncd2 Qd7 16. Rxc8 Rxc8 17. Qb1 Nc3 18. Bxc3 Rxc3 19. Rc1 Ne4 20. Rd1 Nxd2 21. Rxd2 Qc8 22. Rd1 e6 23. h3 Bd5 24. Nd2 Qc5 25. b4 Qe7 26. a4 Ra3 27. Bb5 h6 28. e4 Bb7 29. Nc4 Ra1 30. Qc2 Bxe4 31. Qe2 Qg5 32. f3 Rxd1+ 33. Qxd1 Bd5 34. Nd2 Qe3+ 35. Kh1 Qf4 36. Nf1 Qxb4 37. Qe2 Qb2 38. Qxb2 Bxb2 39. Ne3 Bb7 40. Be2 Kf8 41. Nc4 Bd4 42. Nd6 Bc6 43. Bb5 Bd5 44. Ne4 Bxe4 45. fxe4 Ke7 46. g4 f6 47. Kg2 g5 48. Kf3 Kd6 49. Ke2 Ke5 50. Kf3 Bc3 51. Bd7 Kd6 52. Bb5 e5 53. Bc4 Kc5 54. Bd5 Kb4 55. Bc6 a6 56. Ke2 b5 57. axb5 axb5 58. Kd3 Bd4 59. Kc2 Kc4 60. Bd5+ Kc5 61. Kb3 Bf2 62. Be6 Be1 63. Bf5 Kd4 64. Bg6 Ke3 65. Bf5 Kf3 66. Bg6 Kg3 67. Bf5 Kxh3 68. Be6 Kh4 69. Bf5 h5 70. gxh5 Kxh5 71. Bd7 g4 72. Bxb5 g3 73. Bf1 Kg4 74. Kc4 Kf3 75. Kd3 g2 76. Bxg2+ Kxg2 77. Ke2 Bh4 78. Ke3 Kg3 79. Ke2 Kf4 80. Kd3 Kf3 0-1


[Site "https://www.chess.com"]

[Event "Titled Tuesday Blitz December 13 Early 2022"]
[White "Vifleemskaia, Svetlana"]
[Black "Bagwe Gaurang"]
[WhiteFideId "4129490"]
[BlackFideId "45039895"]
[WhiteElo "1930"]
[BlackElo "1847"]
[Result "0-1"]
[Round "02"]
[TimeControl "180+1"]
[Date "2022.12.14"]
[WhiteClock "0:00:02"]
[BlackClock "0:00:08"]

1. d4 Nf6 2. c4 e6 3. Nc3 Bb4 4. e3 b6 5. Ne2 Bb7 6. a3 Be7 7. d5 d6 8. g3 c6 9. Bg2 cxd5 10. cxd5 e5 11. O-O O-O 12. f4 Nbd7 13. e4 Rc8 14. h3 Qc7 15. Be3 Ba6 16. Rc1 Qb8 17. Qa4 Qb7 18. b4 Bc4 19. f5 Rc7 20. g4 Rfc8 21. Bf3 b5 22. Qd1 Nb6 23. g5 Nfd7 24. Bg4 f6 25. g6 h6 26. Qe1 Bd3 27. Qh4 Bf8 28. Rfd1 Bxe2 29. Nxe2 Nc4 30. Rc3 Ndb6 31. Qf2 Na4 32. Rb3 Be7 33. Bxh6 gxh6 34. Qh4 Bf8 35. Qxf6 Qb6+ 36. Kg2 Nab2 37. Rc1 Ne3+ 38. Rxe3 Qxe3 39. Rxc7 Rxc7 40. Qe6+ Kh8 41. Qf6+ Kg8 42. Qe6+ Kg7 43. f6+ Kxg6 44. Bh5+ Kh7 45. Qf5+ Kh8 0-1


[Site "https://www.chess.com"]

[Event "Titled Tuesday Blitz December 13 Early 2022"]
[White "Vlassov, Nikolai"]
[Black "Gjestemoen-VonHirsch, Andre"]
[WhiteFideId "4103360"]
[BlackFideId "1539531"]
[WhiteElo "2324"]
[BlackElo "2198"]
[Result "1-0"]
[Round "02"]
[TimeControl "180+1"]
[Date "2022.12.14"]
[WhiteClock "0:00:32"]
[BlackClock "0:00:07"]

1. e4 g6 2. Nc3 Bg7 3. h4 h5 4. Nf3 d6 5. Ng5 Nd7 6. Bc4 Nh6 7. Bxf7+ Nxf7 8. Ne6 Bxc3 9. bxc3 Nf6 10. Nxd8 Kxd8 11. f3 e5 12. d4 Re8 13. Bg5 Nxg5 14. hxg5 Nd7 15. g4 hxg4 16. Rh7 b6 17. d5 Nc5 18. fxg4 Bd7 19. Qf3 Kc8 20. O-O-O Kb7 21. Rdh1 Rf8 22. Rf7 Bxg4 23. Qf6 Nxe4 24. Rxc7+ Kxc7 25. Rh7+ Bd7 26. Rxd7+ Kxd7 27. Qg7+ Ke8 28. Qxg6+ Ke7 29. Qxe4 Rf7 30. Qg6 Rf1+ 31. Kb2 Rd8 32. Qe6+ Kf8 33. g6 Rf4 34. g7+ Kxg7 35. Qe7+ Rf7 36. Qxd8 Rf6 37. Qe7+ 1-0


[Site "https://www.chess.com"]

[Event "Titled Tuesday Blitz December 13 Early 2022"]
[White "Volkov, Maksim"]
[Black "Pein, Jonathan"]
[WhiteFideId "54123070"]
[BlackFideId "417092"]
[WhiteElo "2257"]
[BlackElo "2225"]
[Result "1-0"]
[Round "02"]
[TimeControl "180+1"]
[Date "2022.12.14"]
[WhiteClock "0:01:19"]
[BlackClock "0:00:02"]

1. d4 Nf6 2. c4 d6 3. Nf3 g6 4. g3 Bg7 5. Bg2 O-O 6. O-O c6 7. Nc3 Qa5 8. e4 Bg4 9. h3 Bxf3 10. Bxf3 Nfd7 11. Be3 a6 12. a3 c5 13. b4 Qd8 14. Rc1 cxd4 15. Bxd4 Ne5 16. Bg2 Nbc6 17. Bxe5 Nxe5 18. Nd5 e6 19. Ne3 Rc8 20. f4 Qb6 21. c5 dxc5 22. bxc5 Rxc5 23. fxe5 Rxc1 24. Qxc1 Bxe5 25. Kh2 Qb3 26. Rf3 Qa2 27. Ng4 Bd6 28. e5 Be7 29. Qh6 f5 30. exf6 Rf7 31. fxe7 Rxf3 32. e8=Q+ Rf8 33. Nf6+ 1-0


[Site "https://www.chess.com"]

[Event "Titled Tuesday Blitz December 13 Early 2022"]
[White "Wagner, Dennis"]
[Black "Silvestre, Christian"]
[WhiteFideId "24650684"]
[BlackFideId "30956269"]
[WhiteElo "2470"]
[BlackElo "2347"]
[Result "1-0"]
[Round "02"]
[TimeControl "180+1"]
[Date "2022.12.14"]
[WhiteClock "0:00:31"]
[BlackClock "0:00:15"]

1. d4 Nf6 2. c4 g6 3. Nc3 Bg7 4. e4 O-O 5. Be2 d6 6. h4 e5 7. d5 c6 8. h5 cxd5 9. cxd5 Na6 10. h6 Bh8 11. Be3 Bd7 12. Nh3 Ne8 13. g4 Qa5 14. Kf1 Rc8 15. a3 Rxc3 16. bxc3 Nc5 17. Qc2 Nf6 18. f3 Rc8 19. Nf2 Ba4 20. Qb2 Nb3 21. Rb1 Rxc3 22. Bd2 Nxd2+ 23. Qxd2 b6 24. Kg2 Nd7 25. Rhc1 Rxc1 26. Qxa5 bxa5 27. Rxc1 Bf6 28. Rc8+ Nf8 29. Nh3 g5 30. Rb8 Be7 31. Bb5 Bxb5 32. Rxb5 f6 33. Rxa5 Kf7 34. Rxa7 Nd7 35. Rxd7 1-0


[Site "https://www.chess.com"]

[Event "Titled Tuesday Blitz December 13 Early 2022"]
[White "Walentukiewicz, Michal"]
[Black "Pakleza, Zbigniew"]
[WhiteFideId "1126903"]
[BlackFideId "1119290"]
[WhiteElo "2028"]
[BlackElo "2410"]
[Result "0-1"]
[Round "02"]
[TimeControl "180+1"]
[Date "2022.12.14"]
[WhiteClock "0:00:19"]
[BlackClock "0:00:11"]

1. g3 d5 2. Bg2 Nf6 3. c4 c6 4. cxd5 cxd5 5. Nf3 Nc6 6. O-O Bf5 7. d3 e6 8. Nc3 Be7 9. Qa4 O-O 10. e4 Bg6 11. Nh4 d4 12. Nxg6 hxg6 13. Ne2 e5 14. Bh3 Qb6 15. a3 Rfd8 16. b4 a5 17. b5 Na7 18. Rb1 Nd7 19. Bxd7 Rxd7 20. Bd2 Nc8 21. Rfc1 Nd6 22. Kg2 g5 23. f4 gxf4 24. gxf4 exf4 25. Nxf4 Ne8 26. Nd5 Rxd5 27. exd5 Qg6+ 28. Kh1 Qxd3 29. Qc2 Qf3+ 30. Kg1 Nd6 31. Rb3 Qxd5 32. a4 Ne4 33. Rd3 Nxd2 34. Rxd2 Bg5 35. Re1 Bxd2 36. Qxd2 d3 37. Re3 Rd8 38. Rg3 Qd4+ 39. Kg2 b6 40. h3 g6 41. Rg4 Qd5+ 42. Kg1 Rc8 43. Qh6 d2 0-1


[Site "https://www.chess.com"]